 Dungeon Crawl Stone Soup version 0.19.3-4-gbf9329e (webtiles) character file.

14292 Atlantean the Fighter (level 12, -4/78 HPs)
             Began as a Gargoyle Fighter on Jan 27, 2017.
             Was a High Priest of Okawaru.
             Killed from afar by a fire dragon (46 damage)
             ... with a blast of flame
             ... on level 2 of the Lair of Beasts.
             The game lasted 00:21:41 (13050 turns).

Atlantean the Fighter (Gargoyle Fighter)           Turns: 13050, Time: 00:21:42

Health: -4/78      AC: 30    Str: 26    XL:     12   Next: 15%
Magic:  12/12      EV:  9    Int: 14    God:    Okawaru [*****.]
Gold:   772        SH: 12    Dex:  9    Spells: 1 memorised, 10 levels left

rFire  . . .     SeeInvis .     M - +7 hand axe of Dinuic {chop, -Tele +Fly rN+ Int+6}
rCold  . . .     Gourm    +     b - +0 scale mail
rNeg   + + .     Faith    .     c - +0 shield
rPois  ∞         Spirit   .     K - +0 helmet
rElec  +         Reflect  .     u - +1 cloak
rCorr  .         Harm     .     U - +0 pair of gloves
MR     .....     NoTele   +     n - +0 pair of boots {Fly}
Stlth  ..........               e - amulet of the gourmand
                                y - +6 ring of protection
                                (no ring)

@: flying
A: negative energy resistance 1, electricity resistance, unbreathing,
petrification resistance, rot immunity, AC +8
a: Heroism, Finesse, Renounce Religion, Stop Flying


You were on level 2 of the Lair of Beasts.
You worshipped Okawaru.
Okawaru was extremely pleased with you.
You were full.

You visited 3 branches of the dungeon, and saw 12 of its levels.
You also visited: Sewer and Ossuary.

You collected 772 gold pieces.

Inventory:

Hand Weapons
 t - a +1 hand axe of flaming
 E - a +2 mace of protection
 M - the +7 hand axe of Dinuic (weapon) {chop, -Tele +Fly rN+ Int+6}
   (You found it on level 6 of the Dungeon)

   It inflicts extra damage upon your enemies.
   It affects your intelligence (+6).
   It protects you from negative energy.
   It lets you fly.
   It prevents most forms of teleportation.
Armour
 b - a +0 scale mail (worn)
 c - a +0 shield (worn)
 n - a +0 pair of boots of flying (worn)
 u - a +1 cloak (worn)
 K - a +0 helmet (worn)
 U - a +0 pair of gloves (worn)
Jewellery
 e - an amulet of the gourmand (around neck)
 y - a +6 ring of protection (right hand)
 C - an uncursed amulet of guardian spirit {unknown}
 J - an uncursed ring of ice
Wands
 l - a wand of lightning (13/15)
 o - a wand of flame (18/48)
 v - a wand of iceblast (6/15)
 w - a wand of flame (20/48)
 A - a wand of slowing (18/48)
 W - a wand of random effects (17/48)
Scrolls
 i - 2 scrolls of enchant weapon
 j - a scroll of silence {unknown}
 m - 6 scrolls of teleportation
 x - 10 scrolls of remove curse {unknown}
 z - 5 scrolls of magic mapping
 B - 3 scrolls of fear
 N - a scroll of identify
 P - 4 scrolls of immolation {unknown}
 Q - 2 scrolls of fog {unknown}
 T - a scroll of noise {unknown}
 X - a scroll of vulnerability {unknown}
Potions
 d - 3 potions of might
 g - a potion of berserk rage {unknown}
 k - a potion of invisibility
 p - 5 potions of lignification
 q - 4 potions of agility
 r - a potion of heal wounds
 s - 6 potions of curing
 F - 2 potions of mutation {unknown}
 G - a potion of magic {unknown}
 H - 2 potions of haste
 I - 3 potions of resistance
 L - a potion of brilliance
 O - a potion of experience {unknown}
 Y - a potion of degeneration {unknown}
Books
 a - a book of Conjurations

   Spells                             Type                      Level
   a - Magic Dart                     Conjuration                  1
   b - Searing Ray                    Conjuration                  2
   c - Dazzling Spray                 Conjuration/Hexes            3
   d - Fulminant Prism                Conjuration/Hexes            4
   e - Iskenderun's Mystic Blast      Conjuration                  4
   f - Iskenderun's Battlesphere      Conjuration/Charms           5
 S - a book of Maledictions

   Spells                             Type                      Level
   a - Corona                         Hexes                        1
   b - Ensorcelled Hibernation        Hexes/Ice                    2
   c - Confuse                        Hexes                        3
   d - Tukima's Dance                 Hexes                        3
   e - Dazzling Spray                 Conjuration/Hexes            3
Comestibles
 f - 8 bread rations
 h - 8 meat rations
 D - 7 slices of pizza
 R - 36 fruits
 V - 14 royal jellies


   Skills:
 + Level 10.5 Fighting
 + Level 6.3(8.4) Axes
 + Level 9.3(10.3) Maces & Flails
 + Level 10.4 Armour
 + Level 10.4 Shields


You had 10 spell levels left.
You knew the following spells:

 Your Spells              Type           Power        Failure   Level  Hunger
a - Apportation           Tloc           #.........   89%         1    ##.....


Dungeon Overview and Level Annotations

Branches:
Dungeon (9/15)             Temple (1/1) D:5            Lair (2/6) D:9
 Shoals (0/4) Lair:2
  Snake: Lair:2-4    Spider: Lair:2-4       Orc: D:9-12

Altars:
Ashenzari
Cheibriados
Dithmenos
Elyvilon
Fedhas
Gozag
Hepliaklqana
Kikubaaqudgha
Makhleb
Nemelex Xobeh
Okawaru
Qazlal
Ru
Sif Muna
Trog
Uskayaw
Vehumet
Xom
Yredelemnul
Zin
The Shining One

Shops:
D:5 (   D:7 [

Annotations:
D:7 armour
D:8 Exporg's ghost, novice DsBe


Innate Abilities, Weirdness & Mutations

You are resistant to torment.
Your stone body is resilient. (AC +8)
You are immune to poison.
You resist negative energy. (rN+)
You are resistant to electric shocks. (rElec)
You can survive without breathing.
You are immune to petrification.
You are immune to rotting.


Message History

You block the rime drake's attack.
You slice the rime drake!!
You kill the rime drake!
Okawaru accepts your kill.
You start resting.
HP restored.
A fire dragon comes into view.
The fire dragon roars deafeningly!
Found 27 gold pieces.
The fire dragon breathes flames at you. The blast of flame hits you!
Found 24 gold pieces and a scroll of teleportation.
A molten gargoyle and a lava snake come into view.
Found a glowing dagger, a steaming robe and a scroll of teleportation.
The lava snake spits lava at you. The glob of lava hits you!
The fire dragon breathes flames at you. The blast of flame hits you!
Ouch! That really hurt!
You die...

........##.####.#
......#....# #.#
......#.#### #.#
.##P.##.# #(##
.###.#..# #..# .#
####.# ##.# .####
P.# #.# #.P.###.#
#.## ........#
#@.# #.##.#..#
##..## ######..#
##....## ##.#
#......# ##.#
#9.D...## #..#
##.......# ##.#
#........# #..#
#......≈≈# #..#
#.....≈≈≈≈#


You could see a fire dragon and a molten gargoyle.

Vanquished Creatures
  Fannar (Lair:2)
  A hydra (D:8)
  The ghost of ThereIsNoGod the Severer, a novice MiGl of Makhleb (D:9)
  A sea snake (Lair:2)
  Pikel (D:8)
  The ghost of Tramtrist the Covert, a novice SpAs of Trog (D:6)
  5 spiny frogs
  A komodo dragon (Lair:1)
  A rime drake (Lair:2)
  A queen bee (Lair:2)
  2 dream sheep (D:8)
  A hippogriff (Lair:2)
  A basilisk (Lair:1)
  2 yaks (D:8)
  A hungry ghost (D:9)
  Grum (D:8)
  2 hell hounds (D:9)
  8 water moccasins
  3 porcupines
  2 sky beasts (D:9)
  3 ice beasts
  2 orc warriors
  A slave (D:8)
  The ghost of Atlantean the Shield-Bearer, an amateur MiFi (D:3)
  A black bear (Lair:1)
  3 wolves (D:8)
  4 ogres
  2 phantoms
  A necrophage (D:6)
  4 centaurs
  6 crocodiles
  4 big kobolds (D:8)
  4 bullfrogs
  A water moccasin zombie (Ossuary)
  2 scorpions
  25 killer bees
  4 wights (D:9)
  2 howler monkeys
  7 bullfrog zombies (Ossuary)
  2 crimson imps
  2 centaur zombies (Ossuary)
  5 hounds
  3 bullfrog skeletons
  4 orc priests
  Crazy Yiuf (D:2)
  Natasha (D:3)
  An iguana (D:9)
  9 orc wizards
  5 worker ants
  A killer bee zombie (D:5)
  3 hound zombies (Ossuary)
  A hound skeleton (D:9)
  12 mummies (Ossuary)
  2 worker ant zombies (Ossuary)
  A howler monkey zombie (Ossuary)
  13 adders
  9 gnolls
  5 river rats (Sewer)
  2 oozes
  2 adder zombies
  4 worms
  2 dart slugs
  12 leopard geckos
  30 orcs
  6 ball pythons
  7 bats
  10 giant cockroaches
  8 goblins
  8 hobgoblins
  4 jackals (D:2)
  12 kobolds
  5 quokkas
  12 frilled lizards
  A quokka zombie (Ossuary)
  11 rats
  A rat zombie (D:7)
  A fungus (Lair:2)
  7 withered plants (Ossuary)
339 creatures vanquished.

Vanquished Creatures (others)
  A slave (D:8)
  An orc wizard (D:8)
  A withered plant (Ossuary)
3 creatures vanquished.

Grand Total: 342 creatures vanquished

Notes
Turn   | Place    | Note
-------+----------+-------------------------------------------
     0 | D:1      | Atlantean the Gargoyle Fighter began the quest for the Orb.
     0 | D:1      | Reached XP level 1. HP: 14/14 MP: 1/1
    57 | D:1      | Reached XP level 2. HP: 16/19 MP: 2/2
   477 | D:1      | Reached XP level 3. HP: 23/23 MP: 3/3
   970 | D:2      | Reached XP level 4. HP: 18/29 MP: 4/4
  1383 | D:2      | Found a runed door.
  1766 | D:2      | Noticed Crazy Yiuf
  1770 | D:2      | Killed Crazy Yiuf
  1955 | D:3      | Reached XP level 5. HP: 19/33 MP: 5/5
  2057 | D:3      | Noticed Natasha
  2069 | D:3      | Killed Natasha
  2363 | D:3      | Found a glowing drain.
  2382 | Sewer    | Entered a sewer
  2587 | Sewer    | Reached XP level 6. HP: 18/39 MP: 6/6
  3062 | D:3      | Noticed Atlantean's ghost (amateur MiFi)
  3734 | D:4      | Reached skill level 5 in Shields
  3776 | D:4      | Reached skill level 5 in Fighting
  3809 | D:4      | Reached XP level 7. HP: 33/44 MP: 7/7
  4107 | D:4      | Reached skill level 5 in Armour
  4414 | D:3      | Killed Atlantean's ghost
  4824 | D:5      | Entered Level 5 of the Dungeon
  4860 | D:5      | Found Kafiohog's Antique Weapon Shoppe.
  5349 | D:5      | Found a staircase to the Ecumenical Temple.
  5383 | D:5      | Reached skill level 5 in Maces & Flails
  5383 | D:5      | Reached XP level 8. HP: 49/51 MP: 8/8
  5428 | Temple   | Entered the Ecumenical Temple
  5692 | Temple   | Became a worshipper of Warmaster Okawaru
  5948 | D:6      | Noticed Tramtrist's ghost (novice SpAs)
  6000 | D:6      | Killed Tramtrist's ghost
  6385 | D:6      | Reached XP level 9. HP: 45/57 MP: 9/9
  6585 | D:6      | Got a pitted hand axe
  6586 | D:6      | Identified the +7 hand axe of Dinuic {chop, -Tele +Fly rN+ Int+6} (You found it on level 6 of the Dungeon)
  6736 | D:7      | Reached * piety under Okawaru
  6820 | D:7      | Found Egoaq's Antique Armour Emporium.
  6834 | D:7      | Found a sand-covered staircase.
  6844 | Ossuary  | Entered an ossuary
  6858 | Ossuary  | Reached skill level 1 in Axes
  7452 | D:7      | Found a white marble altar of Elyvilon.
  8506 | D:8      | Reached ** piety under Okawaru
  8678 | D:8      | Noticed Grum
  8698 | D:8      | Killed Grum
  8705 | D:8      | Reached XP level 10. HP: 63/64 MP: 10/10
  9031 | D:8      | Reached *** piety under Okawaru
  9089 | D:8      | Noticed a three-headed hydra
  9094 | D:8      | Killed a one-headed hydra
  9195 | D:8      | Noticed Pikel
  9218 | D:8      | Killed Pikel
  9218 | D:8      | Reached **** piety under Okawaru
  9482 | D:8      | Noticed Exporg's ghost (novice DsBe)
  9509 | D:9      | Found a staircase to the Lair.
  9864 | D:9      | Reached XP level 11. HP: 71/71 MP: 11/11
 10086 | D:9      | Noticed ThereIsNoGod's ghost (novice MiGl)
 10118 | D:9      | Killed ThereIsNoGod's ghost
 10118 | D:9      | Reached ***** piety under Okawaru
 10118 | D:9      | Reached skill level 5 in Axes
 10834 | Lair:1   | Entered Level 1 of the Lair of Beasts
 10878 | Lair:1   | Learned a level 1 spell: Apportation
 11285 | Lair:1   | Received a gift from Okawaru
 11604 | Lair:2   | Noticed Fannar
 11648 | Lair:2   | Killed Fannar
 11648 | Lair:2   | Reached skill level 10 in Fighting
 11984 | Lair:2   | Noticed a sea snake
 12007 | Lair:2   | Killed a sea snake
 12007 | Lair:2   | Reached skill level 10 in Armour
 12007 | Lair:2   | Reached skill level 10 in Shields
 12379 | Lair:2   | Reached XP level 12. HP: 67/78 MP: 12/12
 12704 | Lair:2   | Found a staircase to the Shoals.
 13040 | Lair:2   | Noticed a fire dragon
 13050 | Lair:2   | Killed from afar by a fire dragon

Skill      XL: |  1  2  3  4  5  6  7  8  9 10 11 |
---------------+----------------------------------+-----
Armour         | 4 5 6 7 9 10 | 10.4
Fighting       | 4 5 7 8 9 10 | 10.5
Maces & Flails | 3 4 5 6 7 8 9 |  9.3
Shields        | 4 5 6 7 8 10 | 10.4
Axes           | 3 4 6 |  6.3

Action                   |  1- 3 |  4- 6 |  7- 9 | 10-12 || total
-------------------------+-------+-------+-------+-------++-------
Melee: Flail             |   156 |    84 |   258 |       ||   498
       Mace              |       |   278 |       |       ||   278
       Whip              |       |       |    42 |     6 ||    48
       Hand axe          |       |       |   312 |   617 ||   929
  Use: Scroll            |       |     9 |     9 |     1 ||    19
       Potion            |       |       |       |     2 ||     2
  Eat: Chunk             |    18 |    11 |    16 |    10 ||    55
       Royal jelly       |       |       |       |     3 ||     3
       Beef jerky        |       |       |       |     1 ||     1
Armor: Scale mail        |    70 |   215 |   189 |   280 ||   754
Dodge: Dodged            |    42 |   112 |   132 |   167 ||   453
Block: Shield            |    73 |   200 |   247 |   318 ||   838
